 Dungeon Crawl Stone Soup version 0.20.0-15-g7f486f2 (webtiles) character file.

329 Monsterracer the Cudgeler (level 6, -4/44 HPs)
             Began as a Formicid Wizard on June 10, 2017.
             Was an Initiate of Okawaru.
             Slain by grindst0ne's ghost (7 damage)
             ... on level 4 of the Dungeon.
             The game lasted 00:18:07 (7385 turns).

Monsterracer the Cudgeler (Formicid Wizard)         Turns: 7385, Time: 00:18:08

Health: -4/44      AC:  4    Str: 14    XL:     6   Next: 80%
Magic:  10/10      EV: 12    Int: 17    God:    Okawaru [......]
Gold:   153        SH:  0    Dex: 11    Spells: 10/11 levels left

rFire    . . .     SeeInvis +   h - +0 mace
rCold    . . .     Gourm    .   (no shield)
rNeg     . . .     Faith    .   l - +2 robe {MR+}
rPois    .         Spirit   .   (helmet unavailable)
rElec    .         Reflect  .   (no cloak)
rCorr    .         Harm     .   (no gloves)
MR       +....                  (no boots)
Stlth    ++........             (no amulet)
Regen    0.2/turn               i - +2 ring of dexterity
MPRegen  0.2/turn               (no ring)

@: no status effects
A: permanent stasis, dig shafts and tunnels, four strong arms, antennae 3
a: Dig, Shaft Self, Renounce Religion


You were on level 4 of the Dungeon.
You worshipped Okawaru.
Okawaru was noncommittal.
You were not hungry.

You visited 2 branches of the dungeon, and saw 5 of its levels.

You collected 243 gold pieces.
You spent 90 gold pieces at shops.

Inventory:

Hand Weapons
 h - a +0 mace (weapon)
Armour
 l - a +2 robe of magic resistance (worn)
Jewellery
 i - a +2 ring of dexterity (left hand)
Wands
 j - a wand of confusion (17/48)
Scrolls
 a - a scroll of teleportation {unknown}
 d - 6 scrolls of identify
 e - a scroll of magic mapping {unknown}
 f - a scroll of fog {unknown}
 g - a scroll of enchant armour {unknown}
 k - 2 scrolls of remove curse
 p - a scroll of enchant weapon
Potions
 m - 3 potions of curing
 o - a potion of heal wounds
Comestibles
 b - a meat ration
 n - a royal jelly


   Skills:
 + Level 2.1 Fighting
 * Level 5.1 Maces & Flails
 + Level 2.6 Dodging
 - Level 2.4 Stealth
 - Level 3.2 Spellcasting
 - Level 0.8 Conjurations
   Level 1.0 Summonings
   Level 0.8 Translocations
 + Level 1.3 Invocations


You had 10 spell levels left.
You knew the following spells:

 Your Spells              Type           Power        Failure   Level  Hunger
a - Magic Dart            Conj           #...         12%         1    None


Dungeon Overview and Level Annotations

Branches:
Dungeon (4/15)             Temple (1/1) D:4

Altars:
Elyvilon
Fedhas
Gozag
Makhleb
Okawaru
Qazlal
Ru
Sif Muna
Trog
Vehumet
Yredelemnul
Zin
The Shining One

Shops:
D:4 ?

Annotations:
D:3 Sigmund
D:4 1 transporter, grindst0ne's ghost, amateur OpTm


Innate Abilities, Weirdness & Mutations

You cannot be hasted, slowed, berserked, paralysed or teleported.
You can dig through walls and to a lower floor.
Your four strong arms can wield two-handed weapons with a shield.
You have a pair of large antennae on your head. (SInv)


Message History

Grindst0ne's ghost completely misses you.
Grindst0ne's ghost whispers, "Everlasting silence awaits you..."
You see here a mace.
You eat the bread ration.
That bread ration really hit the spot!
Grindst0ne's ghost hits you.
* * * LOW HITPOINT WARNING * * *
There is an open door here.
You barely miss grindst0ne's ghost.
Grindst0ne's ghost is heavily damaged.
Grindst0ne's ghost closely misses you.
You hit grindst0ne's ghost.
Grindst0ne's ghost is heavily damaged.
Grindst0ne's ghost hits you!
* * * LOW HITPOINT WARNING * * *
Grindst0ne's ghost hits you!
* * * LOW HITPOINT WARNING * * *
You hit grindst0ne's ghost.
Grindst0ne's ghost is severely damaged.
Grindst0ne's ghost hits you!
You die...

############### #.............#
#...>.........###
+.............'..
#..(..........###
#################.............#
?.............OW@.............#
##.####.#########......).)....#
#.# #..O..# ######....<########
#.####'###)# #.# #O..### #..
#.##.......# #.# #.#.## #..
#.##......O###.####.#..#######..
#.##.......##.......##.#........
#....#'###.##..#######..####....
#.#.##.# #...O.#..O........#.#.#


You could see an ogre and grindst0ne's ghost.

Vanquished Creatures
  A scorpion (D:4)
  The ghost of murphy the Ruffian, a weakling VSTm (D:3)
  An iguana (D:4)
  A worker ant (D:4)
  A hound skeleton (D:4)
  3 gnolls
  6 adders (D:2)
  2 worms
  3 dart slugs
  A leopard gecko (D:2)
  6 orcs
  2 ball pythons (D:1)
  3 giant cockroaches (D:2)
  6 goblins
  10 hobgoblins
  7 jackals
  2 quokkas (D:2)
  8 bats
  3 frilled lizards
  8 kobolds
  14 rats
  A bush (D:2)
90 creatures vanquished.

Vanquished Creatures (others)
  A plant (D:2)
1 creature vanquished.

Grand Total: 91 creatures vanquished

Notes
Turn   | Place    | Note
-------+----------+-------------------------------------------
     0 | D:1      | Monsterracer the Formicid Wizard began the quest for the Orb.
     0 | D:1      | Reached XP level 1. HP: 13/13 MP: 4/4
   173 | D:1      | Reached skill level 1 in Maces & Flails
   173 | D:1      | Reached XP level 2. HP: 19/20 MP: 4/6
   797 | D:1      | Reached skill level 2 in Maces & Flails
   924 | D:1      | Reached XP level 3. HP: 21/25 MP: 1/7
  1857 | D:2      | Reached skill level 3 in Maces & Flails
  1857 | D:2      | Reached XP level 4. HP: 31/31 MP: 4/8
  2155 | D:2      | Reached skill level 1 in Fighting
  2780 | D:1      | Reached XP level 5. HP: 8/37 MP: 9/9
  3077 | D:2      | Reached skill level 4 in Maces & Flails
  4175 | D:3      | Noticed murphy's ghost (weakling VSTm)
  4649 | D:3      | Killed murphy's ghost
  4649 | D:3      | Reached XP level 6. HP: 21/43 MP: 10/10
  4835 | D:3      | Noticed Sigmund
  5192 | D:3      | Found a faded altar of an unknown god.
  5806 | D:4      | Found a staircase to the Ecumenical Temple.
  5812 | Temple   | Entered the Ecumenical Temple
  5819 | Temple   | Became a worshipper of Warmaster Okawaru
  6152 | D:4      | Found a transporter.
  6198 | D:4      | Reached skill level 5 in Maces & Flails
  6198 | D:4      | Reached skill level 1 in Invocations
  6721 | D:4      | Noticed an ogre
  6854 | D:4      | Noticed grindst0ne's ghost (amateur OpTm)
  7167 | D:4      | Found Ysaby's Magic Scroll Shoppe.
  7178 | D:4      | Bought a scroll of enchant weapon for 90 gold pieces
  7385 | D:4      | Slain by grindst0ne's ghost

Skill      XL: |  1  2  3  4  5  6 |
---------------+-------------------+-----
Maces & Flails | 1 2 3 4 5 |  5.1
Fighting       | 1 2 |  2.1
Dodging        | 2 |  2.6
Invocations    | 1 |  1.3
Stealth        | |  2.4
Spellcasting   | |  3.2
Conjurations   | |  0.8
Summonings     | |  1.0
Translocations | |  0.8

Action                   |  1- 3 |  4- 6 || total
-------------------------+-------+-------++-------
Melee: Whip              |    64 |   116 ||   180
       Club              |     1 |       ||     1
       Mace              |       |   216 ||   216
 Cast: Magic Dart        |    74 |    65 ||   139
  Use: Potion            |     3 |     6 ||     9
       Scroll            |       |     2 ||     2
 Stab: Distracted        |       |     1 ||     1
       Sleeping          |       |     1 ||     1
  Eat: Chunk             |     3 |     7 ||    10
       Bread ration      |       |     3 ||     3
Armor: Robe              |     9 |    17 ||    26
       Leather armour    |       |    48 ||    48
       Skin              |       |     7 ||     7
Dodge: Dodged            |    56 |   144 ||   200
